General information
- name: BNet
- type: Ladder team game (AT/RT)
- host: Battle.net
- saver: timg4strok
map: RiverOfSouls
- players: 6
- length: 75:30
- speed: Fast
- version: 1.29 W3XP
- replay type:

» download(975 KB)
Players
team 1 (winner)
iggy_the_fisk (
pink | 149 APM | 11265 actions | 75:29)
5 Archmage
3 Blizzard
2 Brilliance Aura
6 Mountain King
3 Storm Bolt
3 Bash
» actions
| Assign group hotkey | 615 | |
| Basic commands | 33 | |
| Build / train | 92 | |
| Enter build submenu | 53 | |
| Enter hero's abilities submenu | 12 | |
| Give item / drop item | 3 | |
| Remove unit from queue | 2 | |
| Right click | 7216 | |
| Select / deselect | 451 | |
| Select group hotkey | 2421 | |
| Use ability | 367 | |
11265 total
» units
| Peasant | 10 | |
| Dragonhawk Rider | 9 | |
19 total
» upgrades
| Masonry | 3 | |
| Lumber Harvesting | 1 | |
| Animal War Training | 1 | |
| Swords | 1 | |
| Armor | 1 | |
7 total
» buildings
| Altar of Kings | 1 | |
| Farm | 8 | |
| Lumber Mill | 1 | |
| Scout Tower | 36 | |
| Arcane Tower | 4 | |
| Guard Tower | 17 | |
| Keep | 1 | |
| Arcane Vault | 1 | |
| Castle | 1 | |
| Gryphon Aviary | 2 | |
| Barracks | 1 | |
| Blacksmith | 1 | |
74 total
» build order
00:06 Altar of Kings
00:15 Farm
00:52 Lumber Mill
01:12 Farm
01:17 Scout Tower
01:24 Scout Tower
01:44 Arcane Tower
01:49 Scout Tower
02:15 Guard Tower
02:51 Scout Tower
02:53 Scout Tower
03:20 Arcane Tower
03:25 Keep
03:26 Guard Tower
03:44 Arcane Vault
03:46 Scout Tower
04:25 Guard Tower
06:07 Scout Tower
06:09 Scout Tower
06:10 Scout Tower
06:58 Arcane Tower
06:59 Guard Tower
07:01 Scout Tower
07:03 Scout Tower
07:04 Scout Tower
07:04 Scout Tower
07:30 Farm
07:33 Castle
07:38 Gryphon Aviary
07:41 Gryphon Aviary
07:48 Guard Tower
08:02 Guard Tower
08:04 Scout Tower
08:05 Scout Tower
08:55 Scout Tower
09:01 Farm
09:31 Guard Tower
09:38 Scout Tower
09:39 Scout Tower
10:01 Guard Tower
10:04 Barracks
10:13 Farm
11:48 Blacksmith
11:52 Farm
12:21 Scout Tower
12:21 Scout Tower
14:01 Guard Tower
14:58 Farm
16:20 Scout Tower
16:21 Scout Tower
16:22 Scout Tower
16:23 Scout Tower
16:24 Scout Tower
16:25 Scout Tower
16:25 Scout Tower
17:06 Guard Tower
17:10 Scout Tower
17:11 Scout Tower
17:25 Guard Tower
17:29 Scout Tower
17:30 Scout Tower
17:41 Scout Tower
17:42 Scout Tower
17:46 Scout Tower
17:46 Scout Tower
18:01 Arcane Tower
18:07 Guard Tower
18:09 Scout Tower
18:23 Guard Tower
18:29 Guard Tower
18:39 Guard Tower
18:48 Guard Tower
20:26 Guard Tower
32:14 Farm
» items
| Healing Salve | 7 | |
| Scroll of Speed | 2 | |
| Lesser Clarity Potion | 11 | |
| Boots of Speed | 2 | |
| Staff of Teleportation | 2 | |
| Scroll of Regeneration | 3 | |
| Potion of Healing | 1 | |
28 total
matathemyra (
orange | 149 APM | 11251 actions | 75:29)
4 Archmage
2 Summon Water Elemental
2 Brilliance Aura
4 Mountain King
2 Storm Bolt
2 Bash
4 Paladin
2 Holy Light
2 Divine Shield
» actions
| Assign group hotkey | 693 | |
| Basic commands | 42 | |
| Build / train | 164 | |
| ESC pressed | 15 | |
| Enter build submenu | 113 | |
| Enter hero's abilities submenu | 15 | |
| Give item / drop item | 4 | |
| Right click | 6404 | |
| Select / deselect | 2185 | |
| Select group hotkey | 1155 | |
| Use ability | 461 | |
11251 total
» units
| Peasant | 21 | |
| Priest | 2 | |
| Spell Breaker | 3 | |
26 total
» upgrades
| Masonry | 3 | |
| Lumber Harvesting | 2 | |
| Magic Sentry | 1 | |
| Plating | 1 | |
| Priest Training | 1 | |
8 total
» buildings
| Altar of Kings | 3 | |
| Lumber Mill | 2 | |
| Scout Tower | 99 | |
| Arcane Tower | 7 | |
| Farm | 11 | |
| Guard Tower | 83 | |
| Town Hall | 3 | |
| Keep | 1 | |
| Castle | 2 | |
| Arcane Sanctum | 3 | |
| Arcane Vault | 1 | |
| Blacksmith | 1 | |
216 total
» build order
00:10 Altar of Kings
00:18 Lumber Mill
00:35 Scout Tower
00:53 Scout Tower
01:00 Arcane Tower
01:01 Arcane Tower
01:01 Arcane Tower
01:08 Farm
01:44 Guard Tower
01:44 Guard Tower
01:46 Scout Tower
02:06 Scout Tower
02:11 Farm
02:28 Guard Tower
02:28 Guard Tower
02:38 Guard Tower
02:38 Guard Tower
02:40 Scout Tower
02:53 Scout Tower
02:53 Scout Tower
03:10 Guard Tower
03:10 Guard Tower
03:20 Guard Tower
03:20 Guard Tower
03:20 Guard Tower
03:28 Guard Tower
03:28 Guard Tower
04:04 Scout Tower
04:04 Scout Tower
04:42 Guard Tower
04:42 Guard Tower
04:44 Guard Tower
04:44 Guard Tower
04:45 Scout Tower
04:46 Scout Tower
05:26 Scout Tower
05:27 Scout Tower
05:28 Scout Tower
05:43 Scout Tower
05:44 Scout Tower
05:56 Guard Tower
05:56 Guard Tower
05:58 Scout Tower
05:59 Scout Tower
06:00 Scout Tower
06:06 Town Hall
06:26 Scout Tower
06:26 Scout Tower
06:30 Guard Tower
06:31 Guard Tower
06:36 Scout Tower
06:40 Guard Tower
06:41 Guard Tower
06:43 Scout Tower
06:57 Guard Tower
06:57 Guard Tower
07:19 Scout Tower
07:19 Scout Tower
07:20 Scout Tower
07:21 Scout Tower
07:27 Farm
07:32 Guard Tower
07:33 Guard Tower
07:35 Scout Tower
07:36 Scout Tower
07:37 Scout Tower
07:38 Scout Tower
07:55 Guard Tower
07:55 Guard Tower
09:03 Scout Tower
09:14 Guard Tower
09:18 Scout Tower
09:19 Scout Tower
09:27 Scout Tower
09:28 Scout Tower
09:29 Scout Tower
09:30 Scout Tower
09:31 Scout Tower
09:34 Scout Tower
09:41 Keep
09:45 Guard Tower
09:45 Guard Tower
09:47 Guard Tower
09:54 Guard Tower
09:54 Guard Tower
09:57 Scout Tower
09:58 Guard Tower
09:58 Guard Tower
10:02 Guard Tower
10:03 Guard Tower
10:03 Guard Tower
10:13 Scout Tower
10:14 Scout Tower
10:15 Scout Tower
10:50 Guard Tower
10:50 Guard Tower
10:58 Guard Tower
10:58 Guard Tower
11:02 Scout Tower
11:02 Scout Tower
11:12 Guard Tower
11:12 Guard Tower
11:31 Guard Tower
11:31 Guard Tower
11:32 Scout Tower
11:46 Guard Tower
11:46 Guard Tower
11:46 Guard Tower
11:55 Guard Tower
11:55 Guard Tower
13:43 Castle
13:43 Castle
14:21 Arcane Sanctum
14:22 Guard Tower
17:21 Arcane Vault
17:58 Arcane Sanctum
18:03 Arcane Sanctum
18:10 Blacksmith
19:12 Farm
22:05 Scout Tower
22:06 Scout Tower
22:06 Scout Tower
23:01 Guard Tower
23:01 Guard Tower
23:02 Scout Tower
23:02 Scout Tower
23:03 Scout Tower
23:30 Scout Tower
23:31 Scout Tower
23:31 Scout Tower
24:28 Guard Tower
24:28 Guard Tower
24:34 Scout Tower
24:35 Scout Tower
24:36 Scout Tower
26:02 Guard Tower
26:02 Guard Tower
26:04 Guard Tower
26:04 Guard Tower
26:05 Scout Tower
26:06 Scout Tower
26:06 Scout Tower
27:06 Guard Tower
27:06 Guard Tower
27:07 Scout Tower
27:08 Scout Tower
27:08 Scout Tower
27:14 Scout Tower
27:15 Scout Tower
27:15 Scout Tower
27:38 Scout Tower
27:38 Scout Tower
27:39 Guard Tower
27:39 Guard Tower
27:40 Scout Tower
27:43 Scout Tower
27:44 Scout Tower
27:45 Scout Tower
27:46 Scout Tower
27:46 Scout Tower
28:06 Guard Tower
28:06 Guard Tower
28:08 Scout Tower
28:09 Scout Tower
28:10 Scout Tower
28:11 Guard Tower
28:11 Guard Tower
28:37 Guard Tower
28:37 Guard Tower
28:37 Guard Tower
28:42 Guard Tower
28:42 Guard Tower
30:28 Scout Tower
30:29 Scout Tower
30:30 Scout Tower
30:30 Scout Tower
30:31 Scout Tower
32:41 Guard Tower
32:41 Guard Tower
32:44 Scout Tower
32:45 Scout Tower
32:50 Scout Tower
32:50 Scout Tower
32:51 Scout Tower
33:12 Altar of Kings
33:16 Guard Tower
33:17 Guard Tower
33:17 Guard Tower
33:17 Guard Tower
33:27 Farm
33:40 Farm
33:41 Farm
34:20 Farm
34:21 Farm
34:21 Farm
34:22 Farm
35:06 Scout Tower
35:30 Scout Tower
35:31 Scout Tower
35:31 Scout Tower
36:32 Arcane Tower
36:32 Arcane Tower
42:40 Scout Tower
43:39 Scout Tower
44:09 Lumber Mill
45:14 Guard Tower
45:15 Guard Tower
50:22 Scout Tower
50:49 Town Hall
52:38 Town Hall
54:13 Scout Tower
62:03 Scout Tower
62:51 Arcane Tower
62:51 Arcane Tower
69:18 Altar of Kings
» items
| Staff of Teleportation | 1 | |
| Healing Salve | 3 | |
| Potion of Healing | 1 | |
| Orb of Lightning | 1 | |
| Scroll of Regeneration | 1 | |
| Staff of Sanctuary | 3 | |
| Orb of Fire | 1 | |
| Scroll of Town Portal | 1 | |
12 total
timg4strok (
green | 117 APM | 8852 actions | 75:30)
7 Blademaster
3 Wind Walk
3 Critical Strike
1 Bladestorm
» actions
| Assign group hotkey | 24 | |
| Basic commands | 49 | |
| Build / train | 60 | |
| ESC pressed | 3 | |
| Enter build submenu | 48 | |
| Enter hero's abilities submenu | 7 | |
| Give item / drop item | 15 | |
| Right click | 6905 | |
| Select / deselect | 424 | |
| Select group hotkey | 991 | |
| Use ability | 324 | |
8852 total
» units
» upgrades
| Spiked Barricades | 1 | |
| Liquid Fire | 1 | |
| Ranged Weapons | 2 | |
| Reinforced Defenses | 1 | |
| Armor | 1 | |
6 total
» buildings
| Altar of Storms | 2 | |
| Orc Burrow | 7 | |
| Voodoo Lounge | 4 | |
| Stronghold | 2 | |
| War Mill | 1 | |
| Watch Tower | 17 | |
| Beastiary | 4 | |
| Fortress | 1 | |
38 total
» build order
00:10 Altar of Storms
00:20 Orc Burrow
00:39 Voodoo Lounge
01:52 Voodoo Lounge
02:37 Stronghold
02:37 Stronghold
02:48 War Mill
04:01 Watch Tower
04:04 Watch Tower
04:05 Watch Tower
04:17 Watch Tower
04:19 Watch Tower
05:02 Beastiary
05:07 Orc Burrow
05:17 Watch Tower
05:31 Voodoo Lounge
05:32 Watch Tower
06:36 Watch Tower
06:59 Beastiary
07:01 Fortress
07:38 Beastiary
07:47 Beastiary
07:55 Orc Burrow
08:00 Watch Tower
09:52 Watch Tower
11:19 Watch Tower
11:47 Orc Burrow
12:28 Watch Tower
12:45 Watch Tower
14:04 Watch Tower
15:07 Watch Tower
15:14 Watch Tower
15:14 Watch Tower
16:57 Orc Burrow
20:15 Altar of Storms
20:18 Orc Burrow
36:25 Voodoo Lounge
54:07 Orc Burrow
» items
| Staff of Teleportation | 1 | |
| Boots of Speed | 1 | |
| Healing Salve | 6 | |
| Lesser Clarity Potion | 8 | |
| Scroll of Speed | 1 | |
| Orb of Lightning | 1 | |
18 total
team 2 (loser)

»
chemi(al (
red | 151 APM | 11349 actions | 75:18)
6 Archmage
2 Summon Water Elemental
1 Brilliance Aura
2 Blizzard
1 Mass Teleport
5 Mountain King
3 Storm Bolt
2 Thunder Clap
» actions
| Assign group hotkey | 127 | |
| Basic commands | 1211 | |
| Build / train | 152 | |
| ESC pressed | 5 | |
| Enter build submenu | 48 | |
| Enter hero's abilities submenu | 12 | |
| Give item / drop item | 3 | |
| Remove unit from queue | 1 | |
| Right click | 4797 | |
| Select / deselect | 1602 | |
| Select group hotkey | 3012 | |
| Use ability | 377 | |
11349 total
» units
| Peasant | 32 | |
| Footman | 4 | |
| Rifleman | 8 | |
| Priest | 2 | |
| Knight | 4 | |
| Mortar Team | 19 | |
| Sorceress | 1 | |
| Gryphon Rider | 1 | |
71 total
» upgrades
| Lumber Harvesting | 2 | |
| Long Rifles | 1 | |
| Magic Sentry | 1 | |
| Animal War Training | 1 | |
| Fragmentation Shards | 1 | |
| Flare | 1 | |
| Gunpowder | 3 | |
10 total
» buildings
| Altar of Kings | 1 | |
| Farm | 13 | |
| Barracks | 2 | |
| Scout Tower | 18 | |
| Arcane Vault | 2 | |
| Keep | 2 | |
| Lumber Mill | 1 | |
| Town Hall | 1 | |
| Blacksmith | 1 | |
| Guard Tower | 18 | |
| Arcane Tower | 3 | |
| Arcane Sanctum | 1 | |
| Castle | 2 | |
| Workshop | 2 | |
| Gryphon Aviary | 2 | |
69 total
» build order
00:03 Altar of Kings
00:17 Farm
00:25 Barracks
00:52 Farm
02:35 Scout Tower
02:45 Arcane Vault
02:59 Farm
03:19 Farm
03:32 Keep
03:32 Keep
04:35 Farm
04:37 Lumber Mill
05:48 Town Hall
06:34 Blacksmith
07:11 Barracks
07:34 Scout Tower
07:54 Guard Tower
07:54 Guard Tower
08:11 Scout Tower
08:17 Scout Tower
08:55 Guard Tower
08:57 Arcane Tower
08:58 Arcane Tower
09:25 Guard Tower
09:25 Guard Tower
09:36 Arcane Sanctum
10:18 Arcane Vault
10:22 Scout Tower
10:23 Scout Tower
10:25 Scout Tower
11:04 Castle
11:04 Castle
11:27 Workshop
11:47 Arcane Tower
11:48 Guard Tower
11:48 Guard Tower
12:10 Scout Tower
12:20 Scout Tower
12:54 Scout Tower
14:51 Guard Tower
14:51 Guard Tower
14:58 Guard Tower
14:58 Guard Tower
15:01 Scout Tower
15:33 Guard Tower
15:33 Guard Tower
15:48 Farm
15:49 Farm
15:50 Farm
16:35 Guard Tower
16:35 Guard Tower
16:36 Guard Tower
17:31 Workshop
19:26 Farm
19:27 Farm
19:27 Farm
20:20 Scout Tower
20:41 Farm
26:08 Gryphon Aviary
26:10 Gryphon Aviary
26:12 Farm
28:10 Scout Tower
28:11 Scout Tower
28:12 Scout Tower
28:13 Scout Tower
28:13 Scout Tower
29:58 Scout Tower
» items
| Scroll of Regeneration | 5 | |
| Lesser Clarity Potion | 2 | |
| Potion of Healing | 5 | |
| Ivory Tower | 2 | |
| Potion of Lesser Invulnerability | 1 | |
| Scroll of Healing | 1 | |
| Potion of Mana | 2 | |
18 total
crawf1sh (
teal | 157 APM | 11887 actions | 75:29)
5 Death Knight
2 Death Coil
3 Unholy Aura
5 Lich
3 Frost Nova
2 Dark Ritual
» actions
| Assign group hotkey | 107 | |
| Basic commands | 163 | |
| Build / train | 87 | |
| ESC pressed | 5 | |
| Enter build submenu | 23 | |
| Enter hero's abilities submenu | 10 | |
| Give item / drop item | 2 | |
| Right click | 6816 | |
| Select / deselect | 950 | |
| Select group hotkey | 3434 | |
| Use ability | 290 | |
11887 total
» units
| Acolyte | 20 | |
| Ghoul | 2 | |
| Crypt Fiend | 14 | |
| Obsidian Statue | 3 | |
| Frost Wyrm | 6 | |
| Abomination | 2 | |
47 total
» upgrades
| Creature Attack | 3 | |
| Burrow | 1 | |
| Web | 1 | |
| Creature Carapace | 1 | |
| Destroyer Form | 1 | |
| Freezing Breath | 1 | |
8 total
» buildings
| Crypt | 6 | |
| Graveyard | 1 | |
| Altar of Darkness | 1 | |
| Ziggurat | 9 | |
| Tomb of Relics | 1 | |
| Nerubian Tower | 1 | |
| Halls of the Dead | 1 | |
| Slaughterhouse | 1 | |
| Black Citadel | 1 | |
| Sacrificial Pit | 1 | |
| Spirit Tower | 3 | |
| Boneyard | 1 | |
| Necropolis | 1 | |
28 total
» build order
00:20 Crypt
00:32 Graveyard
00:45 Altar of Darkness
01:01 Ziggurat
01:33 Tomb of Relics
02:00 Nerubian Tower
03:17 Ziggurat
04:00 Halls of the Dead
05:07 Ziggurat
06:56 Slaughterhouse
09:48 Black Citadel
10:18 Ziggurat
11:13 Sacrificial Pit
11:33 Spirit Tower
12:43 Boneyard
14:23 Spirit Tower
15:14 Ziggurat
15:19 Ziggurat
16:02 Crypt
16:03 Crypt
16:05 Crypt
16:05 Crypt
17:29 Crypt
21:19 Necropolis
24:08 Ziggurat
24:57 Ziggurat
26:00 Spirit Tower
39:58 Ziggurat
» items
| Rod of Necromancy | 2 | |
| Sacrificial Skull | 1 | |
| Potion of Healing | 3 | |
| Potion of Mana | 1 | |
| Scroll of Town Portal | 4 | |
| Dust of Appearance | 1 | |
| Potion of Lesser Invulnerability | 1 | |
| Scroll of Healing | 1 | |
14 total
Jeanne_D_Arc (
purple | 73 APM | 5487 actions | 75:08)
6 Mountain King
3 Storm Bolt
2 Bash
1 Avatar
5 Paladin
3 Holy Light
1 Divine Shield
1 Devotion Aura
» actions
| Assign group hotkey | 53 | |
| Basic commands | 4 | |
| Build / train | 97 | |
| Enter build submenu | 28 | |
| Enter hero's abilities submenu | 12 | |
| Give item / drop item | 7 | |
| Remove unit from queue | 1 | |
| Right click | 3289 | |
| Select / deselect | 552 | |
| Select group hotkey | 1167 | |
| Use ability | 277 | |
5487 total
» units
| Peasant | 12 | |
| Footman | 5 | |
| Priest | 10 | |
| Knight | 9 | |
| Siege Engine | 11 | |
| Spell Breaker | 2 | |
| Mortar Team | 1 | |
50 total
» upgrades
| Masonry | 3 | |
| Defend | 1 | |
| Lumber Harvesting | 2 | |
| Magic Sentry | 1 | |
| Animal War Training | 1 | |
| Swords | 1 | |
| Priest Training | 2 | |
| Plating | 2 | |
| Barrage | 1 | |
| Gunpowder | 1 | |
| Control Magic | 1 | |
| Fragmentation Shards | 1 | |
17 total
» buildings
| Altar of Kings | 1 | |
| Farm | 11 | |
| Barracks | 2 | |
| Scout Tower | 8 | |
| Lumber Mill | 1 | |
| Arcane Tower | 3 | |
| Keep | 1 | |
| Blacksmith | 1 | |
| Arcane Vault | 1 | |
| Arcane Sanctum | 1 | |
| Castle | 1 | |
| Workshop | 1 | |
| Guard Tower | 3 | |
| Town Hall | 1 | |
36 total
» build order
00:20 Altar of Kings
00:36 Farm
01:11 Barracks
01:23 Scout Tower
01:36 Farm
01:47 Lumber Mill
01:52 Arcane Tower
02:53 Keep
03:30 Farm
03:36 Blacksmith
04:12 Arcane Vault
05:18 Scout Tower
05:37 Arcane Sanctum
05:41 Castle
05:47 Arcane Tower
06:24 Farm
07:04 Farm
07:29 Barracks
07:53 Farm
08:48 Scout Tower
10:08 Farm
11:02 Workshop
11:43 Farm
12:15 Farm
14:14 Farm
14:56 Farm
15:48 Scout Tower
16:46 Guard Tower
16:48 Scout Tower
17:24 Guard Tower
18:05 Scout Tower
22:08 Guard Tower
32:57 Town Hall
38:28 Scout Tower
38:31 Scout Tower
38:58 Arcane Tower
» items
| Potion of Lesser Invulnerability | 2 | |
| Dust of Appearance | 4 | |
| Boots of Speed | 2 | |
8 total
Chat log
(00:07 / All) chemi(al: gogogog
(00:07 / All) crawf1sh: gl hf
(00:16 / All) Jeanne_D_Arc: ty u 2
(35:10 / All) crawf1sh: )
(35:34 / All) Jeanne_D_Arc: lol then attack we have time
(50:41 / All) crawf1sh: !!!!!!!!!!!!
(58:15 / All) crawf1sh: !!!!!!!
(68:32 / All) iggy_the_fisk: noob
(68:37 / All) crawf1sh: +
(68:50 / All) crawf1sh: noob tactic
(69:46 / All) Jeanne_D_Arc: so we w8
(69:48 / All) timg4strok: ok
(69:50 / All) Jeanne_D_Arc: good n8
(70:50 / All) Jeanne_D_Arc: comon super gamer
(70:54 / All) Jeanne_D_Arc: dont be shy
(70:55 / All) timg4strok: that's me
(70:59 / All) iggy_the_fisk: ROGER
(72:00 / All) timg4strok: 2 hours for this game
(72:03 / All) timg4strok: stinkx
(72:10 / All) crawf1sh: thats yours fault
(72:20 / All) timg4strok: i mean stink for you
(72:25 / All) timg4strok: i had fun winning with 1 hero no units
(72:27 / All) iggy_the_fisk: for us this was gr8
(72:35 / All) timg4strok: are you going to search again
(73:45 / All) timg4strok: CYA
(73:53 / All) iggy_the_fisk: Nice revive... (not ;) )
(75:01 / All) iggy_the_fisk: noob
(75:04 / All) timg4strok: 1 sec
(75:11 / All) timg4strok: seeya
(75:15 / All) chemi(al: gg
(75:16 / All) timg4strok: wouldn't wanna be ya
(75:21 / All) timg4strok: because you got loss on record